Capitals vs Stars
Created - 12 janvier 2015 at 19:28
Goals
|
| Capitals |
1 |
2 |
4 |
7 |
| Stars |
4 |
3 |
1 |
8 |
|
Shots
|
| Capitals |
11 |
8 |
17 |
36 |
| Stars |
11 |
10 |
2 |
23 |
|
1st period
1. Stars , Tomas Plekanec 12 (Milan Michalek, Pavel Kubina) at 1:09
2. Stars , John Tavares 12 (Milan Michalek, Pavel Kubina) at 3:42 (PP)
3. Stars , John Tavares 13 (Milan Michalek, Pavel Kubina) at 6:35
4. Capitals , Phil Kessel 13 (Paul Stastny, Jay Harrison) at 9:44
5. Stars , Alexei Morozov 21 (Henrik Sedin) at 18:39
Penalties :
Jarome Iginla (Was) for Interference (Minor) at 2:05
2nd period
6. Stars , Milan Michalek 12 (John Tavares, Bryan Berard) at 7:11 (PP)
7. Stars , Daniel Sedin 16 (Alexei Morozov, Henrik Sedin) at 8:59
8. Capitals , David Krejci 5 (Jarome Iginla) at 10:42
9. Capitals , Ales Hemsky 8 (Ryan Getzlaf, Ryan Suter) at 11:46
10. Stars , John Tavares 14 (Milan Michalek) at 12:21
Penalties :
Bryce Salvador (Was) for Hooking (Minor) at 2:40, Paul Stastny (Was) for Tripping (Minor) at 6:37, Bryan Berard (Dal) for Fighting (Major) at 12:59, Loui Eriksson (Was) for Fighting (Major) at 12:59, Thomas Vanek (Was) for Hooking (Minor) at 13:02
3rd period
11. Capitals , Nicklas Backstrom 22 (Jarome Iginla) at 3:44 (PP)
12. Stars , Evgeny Artyukhin 9 (John Tavares, Kurtis Foster) at 5:24
13. Capitals , Jarome Iginla 22 (Nicklas Backstrom, Phil Kessel) at 6:41
14. Capitals , Paul Stastny 15 (Jay Harrison, Chris Kunitz) at 11:07
15. Capitals , Ryan Getzlaf 13 (Loui Eriksson, Ales Hemsky) at 19:17 (PP)
Penalties :
Chris Kunitz (Was) for Holding (Minor) at 1:07, Daniel Sedin (Dal) for Holding (Minor) at 1:12, Alexei Morozov (Dal) for Cross-checking (Minor) at 3:38, Pavel Kubina (Dal) for Tripping (Minor) at 7:37, John Tavares (Dal) for High sticking (Minor) at 8:49, Shane Doan (Dal) for Holding (Minor) at 18:36
Goalie Stats
Jonathan Bernier (Was), 9 saves from 13 shots - (0,692), L, 4-5-1, 26:45 minutes
Tim Thomas (Was), 6 saves from 10 shots - (0,600), 32:36 minutes
Pascal Leclaire (Dal), 29 saves from 36 shots - (0,806), W, 16-14-2, 60:00 minutes
Players Stats for Capitals
Player Name G A P +/- PIM S H SB GA TA FO MP PP MP PK MP
------------------------------------------------------------------------------------
Adam Hall 0 0 0 0 0 0 0 0 0 0 0/0 5:21 0:00 0:39
Ales Hemsky 1 1 2 1 0 1 4 0 0 0 0/0 17:00 1:43 0:02
Anton Volchenkov 0 0 0 -2 0 2 3 1 0 1 0/0 26:52 2:48 4:03
Bryce Salvador 0 0 0 2 2 0 2 0 0 0 0/0 9:49 0:00 0:00
Chris Kunitz 0 1 1 1 2 4 0 0 2 0 0/0 14:02 0:05 1:18
David Krejci 1 0 1 0 0 2 0 0 0 0 1/4 4:42 0:00 0:00
Jarome Iginla 1 2 3 -3 2 3 1 0 0 0 4/7 25:01 2:15 2:17
Jay Harrison 0 2 2 2 0 1 0 1 0 0 0/0 9:49 0:00 0:00
Loui Eriksson 0 1 1 1 5 2 1 0 0 0 0/0 15:44 1:43 0:00
Lukas Krajicek 0 0 0 0 0 0 2 0 0 0 0/0 4:08 0:00 0:00
Marc-Édouard Vlasic 0 0 0 -1 0 3 0 0 0 0 0/0 19:11 1:15 2:11
Nicklas Backstrom 1 1 2 -3 0 4 3 0 2 0 16/38 20:47 2:20 2:04
Paul Stastny 1 1 2 1 2 3 2 0 1 0 4/9 13:28 0:00 0:00
Phil Kessel 1 1 2 1 0 2 2 0 0 0 1/5 15:14 0:00 2:18
Ryan Getzlaf 1 1 2 1 0 1 2 0 2 0 3/8 19:05 1:48 1:27
Ryan Suter 0 1 1 -1 0 2 3 0 0 0 0/0 19:11 1:15 2:11
Thomas Vanek 0 0 0 -3 2 5 2 1 0 0 0/0 21:22 2:15 2:23
Tom Poti 0 0 0 -2 0 1 1 4 0 1 0/0 31:00 2:48 4:03
Players Stats for Stars
Player Name G A P +/- PIM S H SB GA TA FO MP PP MP PK MP
------------------------------------------------------------------------------------
Alexei Morozov 1 1 2 1 2 5 2 1 0 0 1/3 20:54 3:08 0:00
Brendan Bell 0 0 0 -4 0 0 0 1 0 1 0/0 13:49 0:50 0:40
Bryan Berard 0 1 1 0 5 1 0 2 0 0 0/0 18:03 1:29 2:03
Cory Murphy 0 0 0 -3 0 0 0 1 0 1 0/0 14:18 0:00 2:54
Daniel Cleary 0 0 0 -2 0 0 1 0 0 1 0/1 7:24 0:00 0:10
Daniel Sedin 1 0 1 0 2 2 3 0 0 0 2/3 20:28 3:07 0:37
Éric Belanger 0 0 0 0 0 0 2 1 0 0 0/0 13:39 0:00 1:02
Evgeny Artyukhin 1 0 1 3 0 1 1 1 0 2 0/0 11:41 0:00 0:00
Henrik Sedin 0 2 2 0 0 4 0 0 0 0 15/22 16:36 0:00 0:18
Jan Hlavac 0 0 0 -2 0 0 1 1 0 0 0/0 10:29 0:00 2:24
John Tavares 3 2 5 2 2 4 2 1 0 0 5/11 15:57 3:06 0:09
Kurtis Foster 0 1 1 5 0 0 0 2 0 2 0/0 26:48 3:55 0:01
Marty Reasoner 0 0 0 -2 0 0 0 0 0 0 4/9 9:47 0:00 2:33
Milan Michalek 1 4 5 3 0 2 1 1 2 0 1/2 15:43 3:06 0:00
Pavel Kubina 0 3 3 4 2 2 2 0 0 0 0/0 28:33 3:55 1:50
Randy Jones 0 0 0 0 0 0 2 0 0 0 0/0 18:19 2:19 0:43
Shane Doan 0 0 0 0 2 0 2 1 0 0 0/0 15:15 3:06 0:00
Tomas Plekanec 1 0 1 0 0 2 4 0 0 0 14/20 15:27 3:08 0:00
3 Stars
1 - John Tavares (Dal)
2 - Milan Michalek (Dal)
3 - Pavel Kubina (Dal)
Power Play
Capitals - 2 on 5 Attempt(s) - 40,00%
Stars - 2 on 5 Attempt(s) - 40,00%
Penalty Kill
Capitals - 3 on 5 Attempt(s) - 60,00%
- Score 0 goal in Penalty Kill
Stars - 3 on 5 Attempt(s) - 60,00%
- Score 0 goal in Penalty Kill
Official
Referees : Pochmara Brian and L'Ecuyer Frederick
Linesman : Brian Mach and Michel Cormier
Game Notes
Jonathan Bernier enters game at 18:39 of 1st period
John Tavares has scored a Hat Trick!
Bryan Berard and Loui Eriksson fight to a draw at 12:59 of 2nd period
Tim Thomas enters game at 5:24 of 3rd period
Finance
Level 1 -- Attendance: 5254 (87,57%) -- Ticket Income 441 336 $
Level 2 -- Attendance: 4447 (88,94%) -- Ticket Income 231 244 $
Level 3 -- Attendance: 1996 (99,80%) -- Ticket Income 59 880 $
Level 4 -- Attendance: 3945 (98,63%) -- Ticket Income 74 955 $
Luxury Box -- Attendance: 935 (93,50%) -- Ticket Income 158 015 $
Game was played at the American Airlines Center
Total Attendance: 16577 (92,09%)
Total Ticket Income: 965 430 $
Other Income: 144 814 $
Total Income: 1 110 244 $
Capitals
5 vs 5 Forward
Center Left Wing Right Wing Time % Phy DF OF
1 Nicklas Backstrom Thomas Vanek Jarome Iginla 40 1 2 2
2 Ryan Getzlaf Loui Eriksson Ales Hemsky 30 1 2 2
3 Paul Stastny Chris Kunitz Phil Kessel 20 1 2 2
4 David Krejci Jarome Iginla Adam Hall 10 1 2 2
5 vs 5 Defense
Defense Defense Time % Phy DF OF
1 Tom Poti Anton Volchenkov 40 1 2 2
2 Marc-Édouard Vlasic Ryan Suter 30 1 2 2
3 Bryce Salvador Jay Harrison 20 1 2 2
4 Lukas Krajicek Tom Poti 10 1 2 2
PowerPlay Forward
Center Left Wing Right Wing Time % Phy DF OF
1 Nicklas Backstrom Thomas Vanek Jarome Iginla 60 1 2 2
2 Ryan Getzlaf Loui Eriksson Ales Hemsky 40 1 2 2
PowerPlay Defense
Defense Defense Time % Phy DF OF
1 Tom Poti Anton Volchenkov 60 1 2 2
2 Marc-Édouard Vlasic Ryan Suter 40 1 2 2
Penalty Kill 4 Players Forward
Center Wing Time % Phy DF OF
1 Jarome Iginla Thomas Vanek 60 1 2 2
2 Nicklas Backstrom Ryan Getzlaf 40 1 2 2
Penalty Kill 4 Players Defense
Defense Defense Time % Phy DF OF
1 Tom Poti Anton Volchenkov 60 1 2 2
2 Marc-Édouard Vlasic Ryan Suter 40 1 2 2
Penalty Kill - 3 Players Forward
Forward Time % Phy DF OF
1 Jarome Iginla 60 1 2 2
2 Thomas Vanek 40 1 2 2
Penalty Kill - 3 Players Defense
Defense Defense Time % Phy DF OF
1 Tom Poti Anton Volchenkov 60 1 2 2
2 Marc-Édouard Vlasic Ryan Suter 40 1 2 2
4 vs 4 Forward
Center Wing Time % Phy DF OF
1 Jarome Iginla Thomas Vanek 60 1 2 2
2 Nicklas Backstrom Ryan Getzlaf 40 1 2 2
4 vs 4 Defense
Defense Defense Time % Phy DF OF
1 Tom Poti Anton Volchenkov 60 1 2 2
2 Marc-Édouard Vlasic Ryan Suter 40 1 2 2
Last Minutes Offensive
Center Left Wing Right Wing Defense Defense
Nicklas Backstrom Thomas Vanek Jarome Iginla Tom Poti Anton Volchenkov
Last Minutes Defensive
Center Left Wing Right Wing Defense Defense
Nicklas Backstrom Thomas Vanek Jarome Iginla Tom Poti Anton Volchenkov
Goaltenders
Starting : Tim Thomas
Backup : Jonathan Bernier
Extra Forwards
Normal : Paul Stastny, Chris Kunitz, Phil Kessel - PP : Paul Stastny, Chris Kunitz - PK : Phil Kessel
Extra Defensemen
Normal : Bryce Salvador, Jay Harrison, Lukas Krajicek - PP : Bryce Salvador - PK : Jay Harrison, Lukas Krajicek
Penalty Shots
Jarome Iginla, Thomas Vanek, Nicklas Backstrom, Ryan Getzlaf, Paul Stastny
Stars
5 vs 5 Forward
Center Left Wing Right Wing Time % Phy DF OF
1 Henrik Sedin Daniel Sedin Alexei Morozov 40 1 2 2
2 John Tavares Milan Michalek Evgeny Artyukhin 25 1 2 2
3 Tomas Plekanec Éric Belanger Shane Doan 25 1 2 2
4 Marty Reasoner Jan Hlavac Daniel Cleary 10 1 2 2
5 vs 5 Defense
Defense Defense Time % Phy DF OF
1 Pavel Kubina Kurtis Foster 40 1 2 2
2 Randy Jones Bryan Berard 30 1 2 2
3 Brendan Bell Cory Murphy 20 1 2 2
4 Pavel Kubina Kurtis Foster 10 1 2 2
PowerPlay Forward
Center Left Wing Right Wing Time % Phy DF OF
1 Tomas Plekanec Daniel Sedin Alexei Morozov 60 1 2 2
2 John Tavares Milan Michalek Shane Doan 40 1 2 2
PowerPlay Defense
Defense Defense Time % Phy DF OF
1 Pavel Kubina Kurtis Foster 60 1 2 2
2 Randy Jones Bryan Berard 40 1 2 2
Penalty Kill 4 Players Forward
Center Wing Time % Phy DF OF
1 Marty Reasoner Jan Hlavac 60 1 2 2
2 Éric Belanger Daniel Cleary 40 1 2 2
Penalty Kill 4 Players Defense
Defense Defense Time % Phy DF OF
1 Pavel Kubina Cory Murphy 60 1 2 2
2 Randy Jones Bryan Berard 40 1 2 2
Penalty Kill - 3 Players Forward
Forward Time % Phy DF OF
1 Marty Reasoner 60 1 2 2
2 Éric Belanger 40 1 2 2
Penalty Kill - 3 Players Defense
Defense Defense Time % Phy DF OF
1 Pavel Kubina Cory Murphy 60 1 2 2
2 Randy Jones Bryan Berard 40 1 2 2
4 vs 4 Forward
Center Wing Time % Phy DF OF
1 Alexei Morozov Daniel Sedin 60 1 2 2
2 Shane Doan Tomas Plekanec 40 1 2 2
4 vs 4 Defense
Defense Defense Time % Phy DF OF
1 Pavel Kubina Kurtis Foster 60 1 2 2
2 Randy Jones Bryan Berard 40 1 2 2
Last Minutes Offensive
Center Left Wing Right Wing Defense Defense
Henrik Sedin Daniel Sedin Alexei Morozov Pavel Kubina Kurtis Foster
Last Minutes Defensive
Center Left Wing Right Wing Defense Defense
Marty Reasoner Jan Hlavac Daniel Cleary Bryan Berard Randy Jones
Goaltenders
Starting : Pascal Leclaire
Backup : Patrick Lalime
Extra Forwards
Normal : Daniel Sedin, Alexei Morozov, Milan Michalek - PP : Alexei Morozov, Daniel Sedin - PK : Jan Hlavac
Extra Defensemen
Normal : Brendan Bell, Bryan Berard, Randy Jones - PP : Pavel Kubina - PK : Bryan Berard, Randy Jones
Penalty Shots
Alexei Morozov, Daniel Sedin, John Tavares, Milan Michalek, Shane Doan
% Time on Ice - Capitals
Lines # - Real PCT - Wanted PCT - Time Play
Normal Forward
1 - 32% - 40% - 15:02
2 - 33% - 30% - 15:27
3 - 25% - 20% - 11:56
4 - 10% - 10% - 4:42
Normal Defense
1 - 39% - 40% - 18:09
2 - 32% - 30% - 15:01
3 - 21% - 20% - 9:49
4 - 9% - 10% - 4:08
PP Forward
1 - 56% - 60% - 2:15
2 - 44% - 40% - 1:48
PP Defense
1 - 69% - 60% - 2:48
2 - 31% - 40% - 1:15
PK Forward
1 - 77% - 60% - 4:47
2 - 23% - 40% - 1:27
PK Defense
1 - 65% - 60% - 4:03
2 - 35% - 40% - 2:11
PK3 Forward
1 - 0% - 60%
2 - 0% - 40%
PK3 Defense
1 - 0% - 60%
2 - 0% - 40%
44 Forward
1 - 80% - 60% - 1:31
2 - 20% - 40% - 0:23
44 Defense
1 - 61% - 60% - 1:10
2 - 39% - 40% - 0:44
Last Minute Offensive - 0:42
Last Minute Defensive - 0:00
Total
Forward - 60:00
Defense - 60:00
|
% Time on Ice - Stars
Lines # - Real PCT - Wanted PCT - Time Play
Normal Forward
1 - 36% - 40% - 16:44
2 - 25% - 25% - 11:41
3 - 26% - 25% - 12:10
4 - 14% - 10% - 6:32
Normal Defense
1 - 41% - 40% - 19:27
2 - 33% - 30% - 15:22
3 - 22% - 20% - 10:10
4 - 5% - 10% - 2:08
PP Forward
1 - 50% - 60% - 3:08
2 - 50% - 40% - 3:06
PP Defense
1 - 63% - 60% - 3:55
2 - 37% - 40% - 2:19
PK Forward
1 - 95% - 60% - 3:06
2 - 5% - 40% - 0:10
PK Defense
1 - 100% - 60% - 3:16
2 - 0% - 40% - 0:00
PK3 Forward
1 - 89% - 60% - 0:42
2 - 11% - 40% - 0:05
PK3 Defense
1 - 100% - 60% - 0:47
2 - 0% - 40% - 0:00
44 Forward
1 - 100% - 60% - 1:54
2 - 0% - 40% - 0:00
44 Defense
1 - 58% - 60% - 1:06
2 - 42% - 40% - 0:48
Last Minute Offensive - 0:00
Last Minute Defensive - 0:42
Total
Forward - 60:00
Defense - 60:00
|
Play by Play
1st period
0:01 of 1st period - Henrik Sedin wins face-off versus Nicklas Backstrom in neutral zone.
0:04 of 1st period - Anton Volchenkov is hit by Alexei Morozov and loses puck.
0:13 of 1st period - Snap shot by Jarome Iginla.
0:13 of 1st period - Shot Misses the Net.
0:15 of 1st period - Slapshot by Tom Poti.
0:15 of 1st period - Shot Blocked by Kurtis Foster.
1:09 of 1st period - Snap shot by Tomas Plekanec.
1:09 of 1st period - Goal by Tomas Plekanec - Capitals : 0 - Stars : 1.
1:10 of 1st period - Tomas Plekanec wins face-off versus Nicklas Backstrom in neutral zone.
1:26 of 1st period - Wrist shot by Tomas Plekanec.
1:26 of 1st period - Shot Blocked by Tom Poti.
1:32 of 1st period - Bryan Berard is hit by Nicklas Backstrom.
2:00 of 1st period - Snap shot by Nicklas Backstrom.
2:00 of 1st period - Stopped by Pascal Leclaire with a rebound.
2:05 of 1st period - Minor Penalty to Jarome Iginla for Interference.
2:06 of 1st period - Tomas Plekanec wins face-off versus Phil Kessel in Capitals zone.
2:14 of 1st period - Snap shot by Alexei Morozov.
2:14 of 1st period - Shot Misses the Net.
2:16 of 1st period - Slapshot by Kurtis Foster.
2:16 of 1st period - Deflect By Alexei Morozov.
2:16 of 1st period - Shot Misses the Net.
2:16 of 1st period - Puck is out of play.
2:17 of 1st period - Tomas Plekanec wins face-off versus Phil Kessel in Capitals zone.
2:49 of 1st period - Off-side.
2:50 of 1st period - Tomas Plekanec wins face-off versus Nicklas Backstrom in neutral zone.
3:05 of 1st period - Wrist shot by Daniel Sedin.
3:05 of 1st period - Deflect By Tomas Plekanec.
3:05 of 1st period - Shot Misses the Net.
3:05 of 1st period - Puck is out of play.
3:06 of 1st period - John Tavares wins face-off versus Phil Kessel in Capitals zone.
3:07 of 1st period - Wrist shot by Shane Doan.
3:07 of 1st period - Shot Misses the Net.
3:09 of 1st period - Snap shot by John Tavares.
3:09 of 1st period - Shot Misses the Net.
3:11 of 1st period - Wrist shot by Pavel Kubina.
3:11 of 1st period - Stopped by Tim Thomas without a rebound.
3:12 of 1st period - Phil Kessel wins face-off versus John Tavares in Capitals zone.
3:42 of 1st period - Snap shot by John Tavares.
3:42 of 1st period - Goal by John Tavares - Capitals : 0 - Stars : 2.
3:43 of 1st period - Ryan Getzlaf wins face-off versus Alexei Morozov in neutral zone.
4:13 of 1st period - Off-side.
4:14 of 1st period - Nicklas Backstrom wins face-off versus Tomas Plekanec in neutral zone.
4:23 of 1st period - Wrist shot by Thomas Vanek.
4:23 of 1st period - Shot Blocked by Kurtis Foster.
4:25 of 1st period - Slapshot by Bryce Salvador.
4:25 of 1st period - Deflect By Thomas Vanek.
4:25 of 1st period - Stopped by Pascal Leclaire with a rebound.
5:14 of 1st period - Off-side.
5:15 of 1st period - Nicklas Backstrom wins face-off versus Marty Reasoner in neutral zone.
5:20 of 1st period - Slapshot by Thomas Vanek.
5:20 of 1st period - Stopped by Pascal Leclaire without a rebound.
5:21 of 1st period - Marty Reasoner wins face-off versus Nicklas Backstrom in Stars zone.
6:09 of 1st period - Ryan Getzlaf is hit by Alexei Morozov.
6:19 of 1st period - Wrist shot by Henrik Sedin.
6:19 of 1st period - Deflect By Alexei Morozov.
6:19 of 1st period - Shot Misses the Net.
6:19 of 1st period - Puck is out of play.
6:20 of 1st period - Milan Michalek wins face-off versus Nicklas Backstrom in Capitals zone.
6:23 of 1st period - Wrist shot by Milan Michalek.
6:23 of 1st period - Shot Blocked by Thomas Vanek.
6:25 of 1st period - Wrist shot by Milan Michalek.
6:25 of 1st period - Shot Hit the Post.
6:27 of 1st period - Backhand shot by Pavel Kubina.
6:27 of 1st period - Deflect By John Tavares.
6:27 of 1st period - Deflect By Marc-Édouard Vlasic.
6:27 of 1st period - Stopped by Tim Thomas with a rebound.
6:35 of 1st period - Snap shot by John Tavares.
6:35 of 1st period - Goal by John Tavares - Capitals : 0 - Stars : 3.
6:36 of 1st period - Henrik Sedin wins face-off versus Ryan Getzlaf in neutral zone.
6:36 of 1st period - Henrik Sedin is hit by Ales Hemsky.
7:26 of 1st period - Snap shot by Phil Kessel.
7:26 of 1st period - Shot Misses the Net.
7:28 of 1st period - Slapshot by Ryan Suter.
7:28 of 1st period - Stopped by Pascal Leclaire without a rebound.
7:29 of 1st period - John Tavares wins face-off versus Paul Stastny in Stars zone.
7:45 of 1st period - Snap shot by Marc-Édouard Vlasic.
7:45 of 1st period - Shot Blocked by Milan Michalek.
7:47 of 1st period - Slapshot by Marc-Édouard Vlasic.
7:47 of 1st period - Stopped by Pascal Leclaire without a rebound.
7:48 of 1st period - Henrik Sedin wins face-off versus David Krejci in Stars zone.
8:13 of 1st period - Tom Poti is hit by Éric Belanger and loses puck.
8:26 of 1st period - Pavel Kubina is hit by Tom Poti and loses puck.
8:49 of 1st period - Snap shot by Milan Michalek.
8:49 of 1st period - Stopped by Tim Thomas with a rebound.
8:51 of 1st period - Slapshot by Pavel Kubina.
8:51 of 1st period - Shot Misses the Net.
9:27 of 1st period - Brendan Bell is hit by Bryce Salvador and loses puck.
9:42 of 1st period - Wrist shot by Paul Stastny.
9:42 of 1st period - Shot Blocked by Shane Doan.
9:44 of 1st period - Wrist shot by Phil Kessel.
9:44 of 1st period - Goal by Phil Kessel - Capitals : 1 - Stars : 3.
9:45 of 1st period - Henrik Sedin wins face-off versus Nicklas Backstrom in neutral zone.
9:48 of 1st period - Wrist shot by Alexei Morozov.
9:48 of 1st period - Shot Misses the Net.
9:50 of 1st period - Slapshot by Daniel Sedin.
9:50 of 1st period - Shot Misses the Net.
9:52 of 1st period - Slapshot by Alexei Morozov.
9:52 of 1st period - Shot Blocked by Tom Poti.
9:58 of 1st period - Slapshot by Alexei Morozov.
9:58 of 1st period - Stopped by Tim Thomas with a rebound.
10:43 of 1st period - Marc-Édouard Vlasic is hit by John Tavares and loses puck.
11:39 of 1st period - Ryan Suter is hit by Tomas Plekanec and loses puck.
12:13 of 1st period - Ales Hemsky is hit by Randy Jones and loses puck.
12:21 of 1st period - Wrist shot by Ryan Getzlaf.
12:21 of 1st period - Shot Misses the Net.
12:23 of 1st period - Slapshot by Ales Hemsky.
12:23 of 1st period - Deflect By John Tavares.
12:23 of 1st period - Shot Blocked by John Tavares.
12:23 of 1st period - Puck is out of play.
12:24 of 1st period - John Tavares wins face-off versus Paul Stastny in Stars zone.
12:46 of 1st period - Icing by Pavel Kubina.
12:47 of 1st period - Nicklas Backstrom wins face-off versus Milan Michalek in Stars zone.
12:56 of 1st period - Slapshot by Pavel Kubina.
12:56 of 1st period - Shot Blocked by Jay Harrison.
12:59 of 1st period - Icing by Jay Harrison.
13:00 of 1st period - Henrik Sedin wins face-off versus Jarome Iginla in Capitals zone.
13:23 of 1st period - Wrist shot by Thomas Vanek.
13:23 of 1st period - Stopped by Pascal Leclaire without a rebound.
13:24 of 1st period - Tomas Plekanec wins face-off versus Ryan Getzlaf in Stars zone.
14:17 of 1st period - Slapshot by Henrik Sedin.
14:17 of 1st period - Stopped by Tim Thomas with a rebound.
14:35 of 1st period - Wrist shot by Loui Eriksson.
14:35 of 1st period - Shot Blocked by Brendan Bell.
14:37 of 1st period - Wrist shot by Loui Eriksson.
14:37 of 1st period - Stopped by Pascal Leclaire with a rebound.
14:39 of 1st period - Slapshot by Anton Volchenkov.
14:39 of 1st period - Stopped by Pascal Leclaire without a rebound.
14:40 of 1st period - Tomas Plekanec wins face-off versus Nicklas Backstrom in Stars zone.
15:07 of 1st period - Icing by Kurtis Foster.
15:08 of 1st period - Paul Stastny wins face-off versus John Tavares in Stars zone.
15:13 of 1st period - Snap shot by Phil Kessel.
15:13 of 1st period - Shot Misses the Net.
15:15 of 1st period - Snap shot by Chris Kunitz.
15:15 of 1st period - Stopped by Pascal Leclaire with a rebound.
15:17 of 1st period - Wrist shot by Paul Stastny.
15:17 of 1st period - Deflect By Phil Kessel.
15:17 of 1st period - Shot Misses the Net.
15:17 of 1st period - Puck is out of play.
15:18 of 1st period - Alexei Morozov wins face-off versus Nicklas Backstrom in Stars zone.
15:23 of 1st period - Jarome Iginla is hit by Daniel Sedin and loses puck.
16:22 of 1st period - Anton Volchenkov is hit by Jan Hlavac and loses puck.
16:27 of 1st period - Wrist shot by Jan Hlavac.
16:27 of 1st period - Shot Misses the Net.
17:45 of 1st period - Slapshot by Marc-Édouard Vlasic.
17:45 of 1st period - Shot Blocked by Cory Murphy.
17:47 of 1st period - Snap shot by Marc-Édouard Vlasic.
17:47 of 1st period - Stopped by Pascal Leclaire without a rebound.
17:48 of 1st period - Henrik Sedin wins face-off versus Paul Stastny in Stars zone.
17:48 of 1st period - Henrik Sedin is hit by Ryan Suter.
18:04 of 1st period - Snap shot by Henrik Sedin.
18:04 of 1st period - Deflect By Alexei Morozov.
18:04 of 1st period - Stopped by Tim Thomas without a rebound.
18:05 of 1st period - Tomas Plekanec wins face-off versus Ryan Getzlaf in Capitals zone.
18:30 of 1st period - Tom Poti is hit by Daniel Sedin and loses puck.
18:35 of 1st period - Slapshot by Henrik Sedin.
18:35 of 1st period - Shot Misses the Net.
18:37 of 1st period - Snap shot by Alexei Morozov.
18:37 of 1st period - Shot Misses the Net.
18:39 of 1st period - Snap shot by Alexei Morozov.
18:39 of 1st period - Goal by Alexei Morozov - Capitals : 1 - Stars : 4.
18:39 of 1st period - Jonathan Bernier enters game.
18:40 of 1st period - Henrik Sedin wins face-off versus Nicklas Backstrom in neutral zone.
19:32 of 1st period - Slapshot by Tomas Plekanec.
19:32 of 1st period - Stopped by Jonathan Bernier with a rebound.
19:40 of 1st period - Éric Belanger is hit by Anton Volchenkov and loses puck.
Goals for this period are 1 for Capitals vs 4 for Stars.
Shots for this period are 11 for Capitals vs 11 for Stars.
2nd period
0:01 of 2nd period - Nicklas Backstrom wins face-off versus Henrik Sedin in neutral zone.
0:04 of 2nd period - Backhand shot by Marc-Édouard Vlasic.
0:04 of 2nd period - Stopped by Pascal Leclaire with a rebound.
0:06 of 2nd period - Snap shot by Nicklas Backstrom.
0:06 of 2nd period - Stopped by Pascal Leclaire with a rebound.
0:08 of 2nd period - Slapshot by Marc-Édouard Vlasic.
0:08 of 2nd period - Shot Misses the Net.
0:10 of 2nd period - Slapshot by Ryan Suter.
0:10 of 2nd period - Shot Misses the Net.
0:47 of 2nd period - Slapshot by Pavel Kubina.
0:47 of 2nd period - Stopped by Jonathan Bernier with a rebound.
0:55 of 2nd period - Icing by Kurtis Foster.
0:56 of 2nd period - Tomas Plekanec wins face-off versus Nicklas Backstrom in Stars zone.
0:56 of 2nd period - Tomas Plekanec is hit by Thomas Vanek.
1:26 of 2nd period - Wrist shot by Alexei Morozov.
1:26 of 2nd period - Stopped by Jonathan Bernier with a rebound.
2:40 of 2nd period - Minor Penalty to Bryce Salvador for Hooking.
2:41 of 2nd period - Jarome Iginla wins face-off versus Tomas Plekanec in Capitals zone.
3:16 of 2nd period - Snap shot by John Tavares.
3:16 of 2nd period - Shot Blocked by Tom Poti.
4:01 of 2nd period - Nicklas Backstrom is hit by Shane Doan and loses puck.
4:26 of 2nd period - Kurtis Foster is hit by Phil Kessel and loses puck.
4:40 of 2nd period - Penalty to Bryce Salvador is over, Bryce Salvador is back on ice.
5:53 of 2nd period - Pavel Kubina is hit by Lukas Krajicek and loses puck.
6:12 of 2nd period - Ryan Suter is hit by Daniel Sedin and loses puck.
6:37 of 2nd period - Minor Penalty to Paul Stastny for Tripping.
6:38 of 2nd period - Tomas Plekanec wins face-off versus Jarome Iginla in Capitals zone.
6:47 of 2nd period - Slapshot by Alexei Morozov.
6:47 of 2nd period - Stopped by Jonathan Bernier with a rebound.
7:11 of 2nd period - Snap shot by Milan Michalek.
7:11 of 2nd period - Goal by Milan Michalek - Capitals : 1 - Stars : 5.
7:12 of 2nd period - Nicklas Backstrom wins face-off versus Henrik Sedin in neutral zone.
7:17 of 2nd period - Wrist shot by Thomas Vanek.
7:17 of 2nd period - Stopped by Pascal Leclaire with a rebound.
7:27 of 2nd period - Wrist shot by Thomas Vanek.
7:27 of 2nd period - Shot Blocked by Alexei Morozov.
8:00 of 2nd period - Slapshot by Marc-Édouard Vlasic.
8:00 of 2nd period - Shot Blocked by Bryan Berard.
8:29 of 2nd period - Slapshot by Bryan Berard.
8:29 of 2nd period - Stopped by Jonathan Bernier without a rebound.
8:30 of 2nd period - Daniel Sedin wins face-off versus Nicklas Backstrom in Capitals zone.
8:33 of 2nd period - Slapshot by Daniel Sedin.
8:33 of 2nd period - Shot Misses the Net.
8:35 of 2nd period - Backhand shot by Brendan Bell.
8:35 of 2nd period - Deflect By Henrik Sedin.
8:35 of 2nd period - Stopped by Jonathan Bernier without a rebound.
8:36 of 2nd period - Henrik Sedin wins face-off versus Nicklas Backstrom in Capitals zone.
8:43 of 2nd period - Snap shot by Alexei Morozov.
8:43 of 2nd period - Shot Misses the Net.
8:45 of 2nd period - Snap shot by Henrik Sedin.
8:45 of 2nd period - Stopped by Jonathan Bernier without a rebound.
8:46 of 2nd period - Henrik Sedin wins face-off versus Nicklas Backstrom in Capitals zone.
8:49 of 2nd period - Snap shot by Henrik Sedin.
8:49 of 2nd period - Stopped by Jonathan Bernier with a rebound.
8:51 of 2nd period - Slapshot by Pavel Kubina.
8:51 of 2nd period - Shot Misses the Net.
8:59 of 2nd period - Wrist shot by Daniel Sedin.
8:59 of 2nd period - Goal by Daniel Sedin - Capitals : 1 - Stars : 6.
9:00 of 2nd period - Nicklas Backstrom wins face-off versus Henrik Sedin in neutral zone.
9:03 of 2nd period - Henrik Sedin is hit by Nicklas Backstrom and loses puck.
9:15 of 2nd period - Slapshot by Kurtis Foster.
9:15 of 2nd period - Shot Misses the Net.
9:35 of 2nd period - Milan Michalek is hit by Ales Hemsky and loses puck.
10:02 of 2nd period - Randy Jones is hit by Paul Stastny and loses puck.
10:15 of 2nd period - Snap shot by Jarome Iginla.
10:15 of 2nd period - Stopped by Pascal Leclaire with a rebound.
10:17 of 2nd period - Slapshot by Ryan Suter.
10:17 of 2nd period - Stopped by Pascal Leclaire without a rebound.
10:18 of 2nd period - Henrik Sedin wins face-off versus David Krejci in Stars zone.
10:26 of 2nd period - Icing by Ryan Suter.
10:27 of 2nd period - David Krejci wins face-off versus Henrik Sedin in Capitals zone.
10:42 of 2nd period - Slapshot by David Krejci.
10:42 of 2nd period - Goal by David Krejci - Capitals : 2 - Stars : 6.
10:43 of 2nd period - Daniel Sedin wins face-off versus Nicklas Backstrom in neutral zone.
11:35 of 2nd period - Bryan Berard is hit by Loui Eriksson and loses puck.
11:46 of 2nd period - Backhand shot by Ales Hemsky.
11:46 of 2nd period - Goal by Ales Hemsky - Capitals : 3 - Stars : 6.
11:47 of 2nd period - Henrik Sedin wins face-off versus Nicklas Backstrom in neutral zone.
12:15 of 2nd period - Wrist shot by Chris Kunitz.
12:15 of 2nd period - Stopped by Pascal Leclaire with a rebound.
12:21 of 2nd period - Slapshot by John Tavares.
12:21 of 2nd period - Goal by John Tavares - Capitals : 3 - Stars : 7.
12:22 of 2nd period - Henrik Sedin wins face-off versus Nicklas Backstrom in neutral zone.
12:49 of 2nd period - Icing by Pavel Kubina.
12:50 of 2nd period - John Tavares wins face-off versus Ryan Getzlaf in Stars zone.
12:50 of 2nd period - John Tavares is hit by Ryan Getzlaf.
12:59 of 2nd period - Bryan Berard and Loui Eriksson fight to a draw.
12:59 of 2nd period - Penalty to Bryan Berard for Fighting.
12:59 of 2nd period - Penalty to Loui Eriksson for Fighting.
13:00 of 2nd period - Nicklas Backstrom wins face-off versus Daniel Sedin in Capitals zone.
13:02 of 2nd period - Minor Penalty to Thomas Vanek for Hooking.
13:03 of 2nd period - Tomas Plekanec wins face-off versus Jarome Iginla in Capitals zone.
14:00 of 2nd period - Ryan Suter is hit by Shane Doan and loses puck.
15:02 of 2nd period - Penalty to Thomas Vanek is over, Thomas Vanek is back on ice.
15:37 of 2nd period - Icing by Thomas Vanek.
15:38 of 2nd period - Tomas Plekanec wins face-off versus Nicklas Backstrom in Capitals zone.
15:53 of 2nd period - Daniel Cleary is hit by Lukas Krajicek and loses puck.
16:00 of 2nd period - Phil Kessel is hit by Daniel Cleary and loses puck.
16:15 of 2nd period - Randy Jones is hit by Ales Hemsky and loses puck.
17:14 of 2nd period - Jay Harrison is hit by Pavel Kubina and loses puck.
17:29 of 2nd period - Cory Murphy is hit by Paul Stastny and loses puck.
17:38 of 2nd period - Bryce Salvador is hit by Evgeny Artyukhin and loses puck.
19:20 of 2nd period - Phil Kessel is hit by John Tavares.
19:46 of 2nd period - Marc-Édouard Vlasic is hit by Tomas Plekanec and loses puck.
19:57 of 2nd period - Marty Reasoner is hit by Thomas Vanek and loses puck.
Goals for this period are 2 for Capitals vs 3 for Stars.
Shots for this period are 8 for Capitals vs 10 for Stars.
3rd period
0:01 of 3rd period - Henrik Sedin wins face-off versus Nicklas Backstrom in neutral zone.
0:26 of 3rd period - Slapshot by Shane Doan.
0:26 of 3rd period - Shot Misses the Net.
0:28 of 3rd period - Backhand shot by Cory Murphy.
0:28 of 3rd period - Shot Blocked by Anton Volchenkov.
0:52 of 3rd period - Snap shot by Chris Kunitz.
0:52 of 3rd period - Deflect By Paul Stastny.
0:52 of 3rd period - Stopped by Pascal Leclaire without a rebound.
0:53 of 3rd period - Henrik Sedin wins face-off versus Paul Stastny in Stars zone.
1:07 of 3rd period - Minor Penalty to Chris Kunitz for Holding.
1:08 of 3rd period - Jarome Iginla wins face-off versus Tomas Plekanec in Capitals zone.
1:12 of 3rd period - Minor Penalty to Daniel Sedin for Holding.
1:13 of 3rd period - Jarome Iginla wins face-off versus Alexei Morozov in Stars zone.
2:31 of 3rd period - John Tavares is hit by Ryan Suter and loses puck.
2:42 of 3rd period - Jarome Iginla is hit by Pavel Kubina and loses puck.
3:03 of 3rd period - Ryan Getzlaf is hit by Randy Jones and loses puck.
3:07 of 3rd period - Penalty to Chris Kunitz is over, Chris Kunitz is back on ice.
3:08 of 3rd period - Snap shot by Éric Belanger.
3:08 of 3rd period - Shot Misses the Net.
3:12 of 3rd period - Penalty to Daniel Sedin is over, Daniel Sedin is back on ice.
3:17 of 3rd period - Nicklas Backstrom is hit by Éric Belanger and loses puck.
3:28 of 3rd period - Snap shot by Daniel Sedin.
3:28 of 3rd period - Stopped by Jonathan Bernier without a rebound.
3:29 of 3rd period - Paul Stastny wins face-off versus Henrik Sedin in Capitals zone.
3:36 of 3rd period - Wrist shot by Chris Kunitz.
3:36 of 3rd period - Stopped by Pascal Leclaire with a rebound.
3:38 of 3rd period - Minor Penalty to Alexei Morozov for Cross-checking.
3:39 of 3rd period - Nicklas Backstrom wins face-off versus Marty Reasoner in Stars zone.
3:44 of 3rd period - Snap shot by Nicklas Backstrom.
3:44 of 3rd period - Goal by Nicklas Backstrom - Capitals : 4 - Stars : 7.
3:45 of 3rd period - Henrik Sedin wins face-off versus Nicklas Backstrom in neutral zone.
3:45 of 3rd period - Henrik Sedin is hit by Nicklas Backstrom.
4:02 of 3rd period - Off-side.
4:03 of 3rd period - Ryan Getzlaf wins face-off versus John Tavares in neutral zone.
4:18 of 3rd period - Loui Eriksson is hit by Milan Michalek and loses puck.
4:38 of 3rd period - Snap shot by Nicklas Backstrom.
4:38 of 3rd period - Shot Misses the Net.
4:55 of 3rd period - Icing by Alexei Morozov.
4:56 of 3rd period - Tomas Plekanec wins face-off versus Phil Kessel in Stars zone.
5:03 of 3rd period - Tom Poti is hit by Tomas Plekanec and loses puck.
5:24 of 3rd period - Snap shot by Evgeny Artyukhin.
5:24 of 3rd period - Goal by Evgeny Artyukhin - Capitals : 4 - Stars : 8.
5:24 of 3rd period - Tim Thomas enters game.
5:25 of 3rd period - Nicklas Backstrom wins face-off versus Henrik Sedin in neutral zone.
5:52 of 3rd period - Milan Michalek is hit by Ryan Getzlaf and loses puck.
6:41 of 3rd period - Snap shot by Nicklas Backstrom.
6:41 of 3rd period - Deflect By Jarome Iginla.
6:41 of 3rd period - Goal by Jarome Iginla - Capitals : 5 - Stars : 8.
6:42 of 3rd period - Jarome Iginla wins face-off versus Henrik Sedin in neutral zone.
6:49 of 3rd period - Snap shot by Thomas Vanek.
6:49 of 3rd period - Stopped by Pascal Leclaire with a rebound.
7:26 of 3rd period - Off-side.
7:27 of 3rd period - Tomas Plekanec wins face-off versus Paul Stastny in neutral zone.
7:37 of 3rd period - Minor Penalty to Pavel Kubina for Tripping.
7:38 of 3rd period - Nicklas Backstrom wins face-off versus Marty Reasoner in Stars zone.
7:42 of 3rd period - Snap shot by Jarome Iginla.
7:42 of 3rd period - Shot Blocked by Bryan Berard.
8:08 of 3rd period - Slapshot by Tom Poti.
8:08 of 3rd period - Deflect By Ryan Getzlaf.
8:08 of 3rd period - Shot Misses the Net.
8:08 of 3rd period - Puck is out of play.
8:09 of 3rd period - Marty Reasoner wins face-off versus Ryan Getzlaf in Stars zone.
8:49 of 3rd period - Minor Penalty to John Tavares for High sticking.
8:50 of 3rd period - Marty Reasoner wins face-off versus Nicklas Backstrom in Stars zone.
9:23 of 3rd period - Bryan Berard is hit by Ales Hemsky and loses puck.
9:37 of 3rd period - Penalty to Pavel Kubina is over, Pavel Kubina is back on ice.
9:42 of 3rd period - Cory Murphy is hit by Ryan Suter and loses puck.
10:49 of 3rd period - Penalty to John Tavares is over, John Tavares is back on ice.
11:03 of 3rd period - Wrist shot by Chris Kunitz.
11:03 of 3rd period - Shot Misses the Net.
11:05 of 3rd period - Slapshot by Jay Harrison.
11:05 of 3rd period - Stopped by Pascal Leclaire with a rebound.
11:07 of 3rd period - Wrist shot by Paul Stastny.
11:07 of 3rd period - Goal by Paul Stastny - Capitals : 6 - Stars : 8.
11:08 of 3rd period - John Tavares wins face-off versus Nicklas Backstrom in neutral zone.
12:18 of 3rd period - Wrist shot by David Krejci.
12:18 of 3rd period - Stopped by Pascal Leclaire with a rebound.
12:34 of 3rd period - Slapshot by Tom Poti.
12:34 of 3rd period - Shot Blocked by Evgeny Artyukhin.
13:07 of 3rd period - Icing by Alexei Morozov.
13:08 of 3rd period - Paul Stastny wins face-off versus Tomas Plekanec in Stars zone.
14:13 of 3rd period - Marty Reasoner is hit by Jarome Iginla and loses puck.
14:18 of 3rd period - Wrist shot by Jarome Iginla.
14:18 of 3rd period - Shot Blocked by Jan Hlavac.
14:34 of 3rd period - Ales Hemsky is hit by Tomas Plekanec and loses puck.
14:57 of 3rd period - Wrist shot by Phil Kessel.
14:57 of 3rd period - Stopped by Pascal Leclaire without a rebound.
14:58 of 3rd period - Nicklas Backstrom wins face-off versus John Tavares in Stars zone.
15:26 of 3rd period - Off-side.
15:27 of 3rd period - Paul Stastny wins face-off versus Tomas Plekanec in neutral zone.
15:30 of 3rd period - Kurtis Foster is hit by Bryce Salvador and loses puck.
15:37 of 3rd period - Wrist shot by Chris Kunitz.
15:37 of 3rd period - Stopped by Pascal Leclaire without a rebound.
15:38 of 3rd period - Nicklas Backstrom wins face-off versus Tomas Plekanec in Stars zone.
15:41 of 3rd period - Snap shot by Jarome Iginla.
15:41 of 3rd period - Shot Blocked by Éric Belanger.
15:53 of 3rd period - Snap shot by Shane Doan.
15:53 of 3rd period - Shot Misses the Net.
16:03 of 3rd period - Henrik Sedin is hit by Phil Kessel and loses puck.
16:45 of 3rd period - Icing by Kurtis Foster.
16:46 of 3rd period - Nicklas Backstrom wins face-off versus John Tavares in Stars zone.
16:49 of 3rd period - Slapshot by Jarome Iginla.
16:49 of 3rd period - Stopped by Pascal Leclaire without a rebound.
16:50 of 3rd period - Nicklas Backstrom wins face-off versus John Tavares in Stars zone.
16:57 of 3rd period - Slapshot by Randy Jones.
16:57 of 3rd period - Shot Misses the Net.
16:59 of 3rd period - Slapshot by Bryan Berard.
16:59 of 3rd period - Shot Blocked by Tom Poti.
17:01 of 3rd period - Snap shot by Milan Michalek.
17:01 of 3rd period - Shot Misses the Net.
18:32 of 3rd period - Backhand shot by Paul Stastny.
18:32 of 3rd period - Stopped by Pascal Leclaire without a rebound.
18:33 of 3rd period - Tomas Plekanec wins face-off versus David Krejci in Stars zone.
18:33 of 3rd period - Tomas Plekanec is hit by Anton Volchenkov.
18:36 of 3rd period - Minor Penalty to Shane Doan for Holding.
18:37 of 3rd period - Nicklas Backstrom wins face-off versus Marty Reasoner in Stars zone.
18:45 of 3rd period - Slapshot by Tom Poti.
18:45 of 3rd period - Stopped by Pascal Leclaire without a rebound.
18:46 of 3rd period - Marty Reasoner wins face-off versus Nicklas Backstrom in Stars zone.
19:01 of 3rd period - Wrist shot by Nicklas Backstrom.
19:01 of 3rd period - Stopped by Pascal Leclaire with a rebound.
19:03 of 3rd period - Slapshot by Anton Volchenkov.
19:03 of 3rd period - Stopped by Pascal Leclaire without a rebound.
19:04 of 3rd period - Ryan Getzlaf wins face-off versus Marty Reasoner in Stars zone.
19:15 of 3rd period - Wrist shot by Loui Eriksson.
19:15 of 3rd period - Stopped by Pascal Leclaire with a rebound.
19:17 of 3rd period - Snap shot by Ryan Getzlaf.
19:17 of 3rd period - Goal by Ryan Getzlaf - Capitals : 7 - Stars : 8.
19:18 of 3rd period - Nicklas Backstrom wins face-off versus Daniel Cleary in neutral zone.
19:21 of 3rd period - Capitals, Tim Thomas is pulled from the net.
19:35 of 3rd period - Wrist shot by Jan Hlavac.
19:35 of 3rd period - Shot Misses the Net.
19:57 of 3rd period - Daniel Cleary is hit by Anton Volchenkov and loses puck.
Goals for this period are 4 for Capitals vs 1 for Stars.
Shots for this period are 17 for Capitals vs 2 for Stars.
Output by the SimonT Hockey Simulator (STHS) for François Prévost -- Original Page W3C XHTML 1.0 Valid